 Dungeon Crawl Stone Soup version 0.28.0-45-g0d030f2227 (webtiles) character file.

Game seed: 13759574966416537967

554 joshe the Conjurer (level 6, -2/45 HPs)
             Began as a Demigod Conjurer on Apr 14, 2022.
             Slain by a phantom (6 damage)
             ... in a sewer on Apr 15, 2022.
             The game lasted 00:19:16 (3417 turns).

joshe the Conjurer (Demigod Conjurer)               Turns: 3417, Time: 00:19:17

Health: -2/45      AC:  2    Str:  8    XL:     6   Next: 80%
Magic:  5/13       EV: 12    Int: 28    God:
Gold:   90         SH:  0    Dex: 12    Spells: 0/11 levels left

rFire   + . .      SeeInvis .   g - staff of earth
rCold   + . .      Faith    .   (no shield)
rNeg    . . .      Spirit   .   a - +0 robe
rPois   +          Reflect  .   (no helmet)
rElec   +          Harm     .   (no cloak)
rCorr   +          Rampage  .   (no gloves)
Will    .....                   (no boots)
Stlth   ++........              (no amulet)
HPRegen 0.15/turn               (no ring)
MPRegen 0.13/turn               (no ring)

@: mighty, resistant
A: high MP 1, forlorn, divine attributes
a: no special abilities


You were in a sewer.
You visited 1 branch of the dungeon, and saw 3 of its levels.
You also visited: Sewer.

You collected 90 gold pieces.

Inventory:

Missiles
 c - 19 poisoned darts
 j - a throwing net
 k - a curare-tipped dart
Armour
 a - a +0 robe (worn)
Magical Staves
 g - a staff of earth (weapon)
Scrolls
 b - a scroll of magic mapping {unknown}
 d - a scroll of identify {unknown}
 e - a scroll of blinking {unknown}
 f - a scroll of brand weapon {unknown}
 i - a scroll of enchant weapon {unknown}


   Skills:
 - Level 2.0 Dodging
 - Level 2.0 Stealth
 - Level 3.0 Spellcasting
 - Level 6.0 Conjurations
 + Level 3.0 Hexes
 - Level 2.0 Evocations


You couldn't memorise any spells.
You knew the following spells:

 Your Spells              Type           Power      Damage    Failure   Level
a - Magic Dart            Conj           100%       1d8       1%          1
b - Searing Ray           Conj           74%        2d7       1%          2
c - Fulminant Prism       Conj/Hex       14%        3d9       13%         4
d - Iskenderun's Mystic   Conj/Tloc      21%        2d6       24%         4

Your spell library contained the following spells:

 Spells                   Type           Power      Damage    Failure   Level
 Dazzling Flash           Conj/Hex       58%        N/A       3%          3


Dungeon Overview and Level Annotations

Branches:
Dungeon (3/15)              Sewer (1/1)

Shops:
D:1 [

Annotations:
D:3 3 runed translucent doors, exclusion: statue, issech's ghost, weakling TrMo; themarg's ghost, amateur GnTm


Innate Abilities, Weirdness & Mutations

You have an increased reservoir of magic. (+10% MP)
You shall have no god before yourself.
Your divine heritage dramatically boosts your attributes as you level up.


Message History

The phantom completely misses you.
You closely miss the phantom. The phantom hits you!
The phantom blinks!
You blink.
Splash!
You fall into the shallow water.
Moving in this stuff is going to be slow.
Things that are here:
a +0 whip; 3 stones You barely miss the phantom.
The phantom closely misses you.
You hit the shadow imp!
You kill the shadow imp!
The phantom hits you.
* * * LOW HITPOINT WARNING * * *
The phantom blinks!
You blink.
Unknown command.
Things that are here:
a +0 whip; 3 stones The phantom hits you!
* * * LOW HITPOINT WARNING * * *
The phantom blinks!
You blink.
It was a potion of invisibility.
You fade into invisibility!
The phantom hits you.
* * * LOW HITPOINT WARNING * * *
The phantom blinks!
Okay, then.
There is an open door, spattered with blood here.
You enter the shallow water.
Moving in this stuff is going to be slow. ...and don't expect to remain undetected.
You flicker for a moment.
The phantom closely misses you. The phantom closely misses you.
Casting: Magic Dart (safe; 1% risk of failure)
Confirm with . or Enter, or press ? or * to list all spells.
Okay, then.
It was a potion of resistance.
You feel protected.
You flicker back into view.
The phantom hits you.
You die...

≈≈#)..⌠...#≈≈≈≈≈≈
#####)).### #####
######)#############
≈≈≈≈#.).#≈≈≈≈≈≈#≈≈≈#
≈≈≈≈.....≈≈≈≈≈≈..≈≈#
....#...#...)..#≈≈≈#
######≈#######'#≈≈≈#
....#≈≈≈#......#≈W≈#
≈≈..#≈≈≈#...≈..#@.≈#
≈≈..).≈.)..≈≈≈≈#≈≈≈#
≈≈≈≈#.).#≈≈≈≈W≈#≈≈≈#
≈≈≈≈#...≈≈≈≈≈≈≈#≈≈≈#
≈≈≈≈#...#≈≈≈≈≈≈#≈≈≈#
≈≈≈≈≈...#≈≈≈≈≈≈#≈≈≈#
≈≈≈≈#...#≈≈≈≈≈≈#≈≈≈#
≈≈≈≈#..†≈≈≈≈≈≈≈#≈≈≈#
≈≈≈≈≈.†.≈≈≈≈≈≈≈#≈≈≈#


You could see a phantom.

Vanquished Creatures
  Grinder (Sewer)
  2 kobold brigands (Sewer)
  An iguana (D:3)
  A gnoll (D:1)
  2 adders
  A river rat (D:3)
  5 shadow imps (Sewer)
  5 ufetubi (Sewer)
  A worm (D:2)
  2 dart slugs (D:1)
  3 orcs (D:3)
  7 ball pythons
  10 bats
  5 endoplasms
  5 giant cockroaches
  4 goblins
  2 hobgoblins (D:1)
  3 quokkas
  6 frilled lizards (D:1)
  17 kobolds
  A kobold zombie (Sewer)
  6 rats
90 creatures vanquished.

Vanquished Creatures (others)
  2 fulminant prisms (Sewer)
  A plant (D:1)
  6 withered plants (D:3)
9 creatures vanquished.

Grand Total: 99 creatures vanquished

Notes
Turn   | Place    | Note
-------+----------+-------------------------------------------
     0 | D:1      | joshe the Demigod Conjurer began the quest for the Orb.
     0 | D:1      | Reached XP level 1. HP: 14/14 MP: 5/5
    93 | D:1      | Found Bunoddo's Antique Armour Shoppe.
   175 | D:1      | Reached skill level 4 in Conjurations
   260 | D:1      | Reached XP level 2. HP: 20/20 MP: 4/7
   263 | D:1      | Learned a level 2 spell: Searing Ray
   845 | D:1      | Reached XP level 3. HP: 26/26 MP: 3/8
  2436 | D:3      | Found a runed translucent gate.
  2437 | D:3      | Found a runed translucent gate.
  2438 | D:3      | Found a runed translucent gate.
  2439 | D:3      | Noticed themarg's ghost (amateur GnTm)
  2440 | D:3      | Noticed issech's ghost (weakling TrMo)
  2449 | D:3      | Noticed a charred statue
  2505 | D:3      | Reached skill level 5 in Conjurations
  2505 | D:3      | Reached XP level 4. HP: 19/33 MP: 2/10
  2699 | D:3      | Found a glowing drain.
  2738 | Sewer    | Entered a sewer
  3012 | Sewer    | Reached XP level 5. HP: 38/38 MP: 5/12
  3185 | Sewer    | Reached skill level 6 in Conjurations
  3185 | Sewer    | Reached skill level 1 in Evocations
  3185 | Sewer    | Reached XP level 6. HP: 35/45 MP: 4/13
  3192 | Sewer    | Learned a level 4 spell: Fulminant Prism
  3197 | Sewer    | Learned a level 4 spell: Iskenderun's Mystic Blast
  3368 | Sewer    | Noticed Grinder
  3374 | Sewer    | Killed Grinder
  3403 | Sewer    | HP: 2/45 [phantom (5)]
  3417 | Sewer    | Slain by a phantom

Illustrated notes

Levels and vault maps discovered:
D:1:      lightli_iron_boxes, layout_loops_corners, serial_shops,
          nicolae_shop_overgrown_old_shop
D:2:      layout_basic, serial_glass, glass_columns_b, glass_columns_a,
          dilly_ecumenical_altar_fadedgnrine
D:3:      layout_basic, vehumet_statue, lemuel_coloured_pillars_altar,
          portal_sewer_entry_e, gammafunk_ghost_cemetery,
          kennysheep_generic_room_9
Sewer:    kennysheep_sewer_church

Skill      XL: |  1  2  3  4  5  6 |
---------------+-------------------+-----
Conjurations   | 4 5 6 |  6.0
Spellcasting   | 2 3 |  3.0
Stealth        | 2 |  2.0
Dodging        | 2 |  2.0
Evocations     | 1 2 |  2.0
Hexes          | 3 |  3.0

Action                   |  1- 3 |  4- 6 || total
-------------------------+-------+-------++-------
Melee: Staff             |       |     6 ||     6
 Cast: Magic Dart        |    62 |    34 ||    96
       Searing Ray       |    12 |    10 ||    22
       Fulminant Prism   |       |     2 ||     2
  Use: Potion            |       |     3 ||     3
Dodge: Dodged            |     2 |    14 ||    16
